 Dungeon Crawl Stone Soup version 0.21.1-1-g345015f (webtiles) character file.

151 HEYYEYAAE the Chiller (level 5, -4/41 HPs)
             Began as a Draconian Ice Elementalist on Feb 21, 2018.
             Slain by wilfster70's ghost (14 damage)
             ... on level 4 of the Dungeon.
             The game lasted 00:03:02 (2774 turns).

HEYYEYAAE the Chiller (Draconian Ice Elementalist)  Turns: 2774, Time: 00:03:03

Health: -4/41      AC:  7    Str: 10    XL:     5   Next: 11%
Magic:  9/9        EV: 18    Int: 16    God:
Gold:   65         SH:  0    Dex: 17    Spells: 8/9 levels left

rFire    . . .     SeeInvis .   n - +0 glaive (protect)
rCold    . . .     Gourm    .   (shield currently unavailable)
rNeg     + . .     Faith    .   (armour unavailable)
rPois    .         Spirit   .   (helmet restricted)
rElec    .         Reflect  .   d - +0 cloak
rCorr    .         Harm     .   (no gloves)
MR       .....                  u - +0 pair of boots
Stlth    +++.......             (no amulet)
HPRegen  0.13/turn              f - ring of positive energy
MPRegen  0.11/turn              (no ring)

@: agile
A: unfitting armour, cold-blooded, AC +5
a: no special abilities


You were on level 4 of the Dungeon.
You were very hungry.

You visited 1 branch of the dungeon, and saw 4 of its levels.

You collected 65 gold pieces.

Inventory:

Hand Weapons
 n - a +0 glaive of protection (weapon)
 p - a +2 hand axe of flaming
Armour
 d - a +0 cloak (worn)
 u - a +0 pair of boots (worn)
Jewellery
 f - a ring of positive energy (left hand)
Scrolls
 c - 5 scrolls of identify {unknown}
 e - a scroll of fog {unknown}
 g - a scroll of fear {unknown}
 h - a scroll of amnesia {unknown}
 i - 2 scrolls of remove curse {unknown}
 o - a scroll of noise {unknown}
 r - a scroll of teleportation {unknown}
 v - a scroll of enchant armour {unknown}
Potions
 j - a potion of mutation {unknown}
 k - a potion of curing {unknown}
 l - a potion of brilliance {unknown}
 m - a potion of might {unknown}
 q - a potion of agility
 s - a potion of degeneration {unknown}
 t - a potion of magic
Books
 a - a book of Frost

   Spells                             Type                      Level
   a - Freeze                         Ice                          1
   b - Throw Frost                    Conjuration/Ice              2
   c - Ozocubu's Armour               Charms/Ice                   3
   d - Throw Icicle                   Conjuration/Ice              4
   e - Summon Ice Beast               Ice/Summoning                4
 w - a book of Minor Magic

   Spells                             Type                      Level
   a - Magic Dart                     Conjuration                  1
   b - Blink                          Translocation                2
   c - Call Imp                       Summoning                    2
   d - Slow                           Hexes                        2
   e - Conjure Flame                  Conjuration/Fire             3
   f - Mephitic Cloud                 Conjuration/Poison/Air       3
Comestibles
 b - 9 rations


   Skills:
 + Level 2.0 Fighting
 + Level 2.6 Dodging
 - Level 1.7 Stealth
 + Level 2.8 Spellcasting
   Level 1.0 Conjurations
 * Level 4.3 Ice Magic


You had 8 spell levels left.
You knew the following spells:

 Your Spells              Type           Power        Failure   Level  Hunger
a - Freeze                Ice            ###.         3%          1    #......


Dungeon Overview and Level Annotations

Branches:
Dungeon (4/15)
 Temple: D:4-7

Altars:
Cheibriados
Hepliaklqana
Uskayaw

Portals:
Ossuary: D:4

Annotations:
D:3 HEYYEYAAE's ghost, amateur DrIE
D:4 wilfster70's ghost, novice FoFi


Innate Abilities, Weirdness & Mutations

Your plain brown scales are hard. (AC +5)
You cannot fit into any form of body armour.
You are cold-blooded and may be slowed by cold attacks.


Message History

Found a stone staircase leading down.
Found a stone staircase leading down.
You open the door.
A goblin zombie comes into view.
The goblin zombie barely misses you. Wilfster70's ghost hits you!
* * * LOW HITPOINT WARNING * * *
Wilfster70's ghost says, "You can hit me, but you can't hurt me."
You open the door.
A mummy comes into view.
Wilfster70's ghost hits you.
* * * LOW HITPOINT WARNING * * *
Found a sand-covered staircase.
It was a potion of magic.
Magic courses through your body. Wilfster70's ghost hits you.
* * * LOW HITPOINT WARNING * * *
It was a potion of agility.
You feel agile all of a sudden. Wilfster70's ghost hits you!
You die...

#..# #..#.# #..#
#..#># #..####.>#.#
.##.##..........###
......)...........#
##+###.###'###..##
##...##.##..##
##.ZW..###..#####
.#...@...#.........
#..###'###..########
#... #M##..##
#.#..###..## #
#..#..## ##....#
......#.# ####..#.#
# #..#.#


You could see a mummy (dormant), wilfster70's ghost and a goblin zombie.

Vanquished Creatures
  Jessica (D:2)
  Natasha (thrice) (D:2)
  A worm (D:2)
  A dart slug (D:1)
  3 leopard geckos
  A giant cockroach (D:1)
  7 goblins
  7 hobgoblins
  4 jackals (D:1)
  A kobold (D:1)
  A quokka (D:3)
  7 bats
  5 frilled lizards
  A rat (D:2)
43 creatures vanquished.

Notes
Turn   | Place    | Note
-------+----------+-------------------------------------------
     0 | D:1      | HEYYEYAAE the Draconian Ice Elementalist began the quest for the Orb.
     0 | D:1      | Reached XP level 1. HP: 14/14 MP: 3/3
   285 | D:1      | Reached XP level 2. HP: 5/22 MP: 1/5
  1121 | D:1      | Reached skill level 1 in Fighting
  1469 | D:1      | Reached XP level 3. HP: 13/28 MP: 2/6
  1901 | D:2      | Noticed Natasha
  1910 | D:2      | Killed Natasha
  2099 | D:2      | Reached XP level 4. HP: 22/35 MP: 7/7
  2191 | D:2      | Noticed Jessica
  2198 | D:2      | Killed Jessica
  2198 | D:2      | Reached skill level 4 in Ice Magic
  2205 | D:2      | Found a hide-covered altar of Uskayaw.
  2205 | D:2      | Found a faded altar of an unknown god.
  2210 | D:2      | Found a faded altar of an unknown god.
  2212 | D:2      | Found a hazy altar of Hepliaklqana.
  2213 | D:2      | Found a snail-covered altar of Cheibriados.
  2302 | D:2      | Noticed Natasha
  2312 | D:2      | Killed Natasha
  2481 | D:2      | Noticed Natasha
  2486 | D:2      | Killed Natasha
  2486 | D:2      | Reached XP level 5. HP: 36/41 MP: 5/9
  2727 | D:3      | Noticed HEYYEYAAE's ghost (amateur DrIE)
  2747 | D:4      | Noticed wilfster70's ghost (novice FoFi)
  2772 | D:4      | Found a sand-covered staircase.
  2774 | D:4      | Slain by wilfster70's ghost

Skill      XL: |  1  2  3  4 |
---------------+-------------+-----
Dodging        | 2 |  2.6
Fighting       | 1 2 |  2.0
Ice Magic      | 4 |  4.3
Stealth        | |  1.7
Spellcasting   | |  2.8
Conjurations   | |  1.0

Action                   |  1- 3 |  4- 6 || total
-------------------------+-------+-------++-------
Melee: Unarmed           |   111 |       ||   111
       Tailslap          |    13 |     4 ||    17
       Glaive            |    38 |    37 ||    75
 Cast: Freeze            |    25 |     2 ||    27
  Use: Potion            |     1 |     2 ||     3
 Stab: Sleeping          |     7 |     2 ||     9
  Eat: Chunk             |     2 |       ||     2
       Ration            |     1 |       ||     1
Armor: Skin              |    68 |    11 ||    79
Dodge: Dodged            |   114 |    32 ||   146
